 Dungeon Crawl Stone Soup version 0.30.1-11-g7821555f0a (webtiles) character file.

Game seed: 10645942157504436804

46 KittyFluff the Trooper (level 3, -5/23 HPs)
             Began as a Gargoyle Berserker on Nov 11, 2023.
             Was a Follower of Trog.
             Slain by a gnoll
             ... wielding a +0 halberd
              (13 damage)
             ... on level 2 of the Dungeon.
             The game lasted 00:04:30 (1190 turns).

KittyFluff the Trooper (Gargoyle Berserker)         Turns: 1190, Time: 00:04:32

Health: -5/23      AC:  5    Str: 22    XL:     3   Next: 68%
Magic:  3/3        EV: 12    Int:  7    God:    Trog [*.....]
Gold:   38         SH:  0    Dex:  9    Spells: 2/2 levels left

rFire   . . .        a - +0 mace
rCold   . . .        (no shield)
rNeg    + . .        b - +0 animal skin
rPois   ∞            (no helmet)
rElec   +            (no cloak)
rCorr   .            (no gloves)
SInv    .            (no boots)
Will    .....        (no amulet)
Stlth   +            (no ring)
HPRegen 0.23/turn    (no ring)
MPRegen 0.08/turn

%: no passive effects
@: confused, ambrosia-drunk
A: sickness immunity, AC +3, negative energy resistance 1, electricity
resistance, torment resistance 1, petrification resistance
a: Renounce Religion, Berserk


You were on level 2 of the Dungeon.
You worshipped Trog.
Trog was aware of your devotion.
You visited 1 branch of the dungeon, and saw 2 of its levels.

You collected 38 gold pieces.

Inventory:

Hand Weapons
 a - a +0 mace (weapon)
Armour
 b - a +0 animal skin (worn)
Scrolls
 d - a scroll of identify {unknown}
 e - a scroll of enchant weapon {unknown}
 f - 2 scrolls of fear {unknown}
 h - a scroll of teleportation {unknown}
Potions
 c - a potion of lignification {unknown}


   Skills:
 + Level 3.5 Fighting
 * Level 3.4 Maces & Flails
 * Level 3.0 Armour
 + Level 1.9 Dodging
 + Level 1.0 Stealth


You had 2 spell levels left.
You didn't know any spells.
Your spell library was empty.

Dungeon Overview and Level Annotations

Branches:
Dungeon (2/15)

Altars:


Innate Abilities, Weirdness & Mutations

You are immune to sickness and miasma.
Your stone body is resilient. (AC +3)
You are immune to poison.
You resist negative energy. (rN+)
You are resistant to electric shocks. (rElec)
You are resistant to unholy torment.
You are immune to petrification.


Message History

The giant cockroach is moderately wounded.
The giant cockroach bites you but does no damage.
You hit the giant cockroach.
The giant cockroach is heavily wounded.
The giant cockroach bites you. The giant cockroach barely misses you.
You barely miss the giant cockroach.
The giant cockroach is moderately wounded.
The giant cockroach closely misses you.
You closely miss the giant cockroach.
The giant cockroach bites you but does no damage.
The giant cockroach misses you.
You sock the giant cockroach!
You kill the giant cockroach!
Trog accepts your kill. 2 gnolls come into view.
The gnoll shouts!
A gnoll comes into view. It is wielding a +0 spear.
A gnoll comes into view. It is wielding a +0 whip.
The gnoll shouts! x2; You hear a shout!
The gnoll misses you.
You hear a shout! x2
A giant cockroach comes into view.
The gnoll closely misses you.
The gnoll hits you from afar with a +0 spear.
The gnoll shouts!
You hear a shout!
The gnoll hits you from afar with a +0 halberd!
* * * LOW HITPOINT WARNING * * *
The gnoll hits you from afar with a +0 halberd.
* * * LOW HITPOINT WARNING * * *
It was a potion of ambrosia.
You are confused.
You feel invigorated. The gnoll barely misses you.
The gnoll closely misses you.
An orc comes into view. It is wielding a +0 hand axe.
You bump into the rock wall.
The gnoll hits you with a +0 halberd! The gnoll barely misses you.
You hit the gnoll but do no damage. The gnoll hits you with a +0 halberd!
The gnoll closely misses you. The gnoll hits you with a +0 halberd!
Ouch! That really hurt!
You die...

........#..........##
........#.###.......#
...###... #.......#
#..# ... #.......#
#..# . ##.....## #..#
##...## #..# ##.##
... #.# .. #@# #g#
#g# #.###g# #...og#
....g..B# ........#
........# ........#


You could see 4 gnolls, an orc and a giant cockroach.

Vanquished Creatures
  2 adders (D:2)
  A dart slug (D:1)
  A ball python (D:1)
  3 endoplasms
  3 giant cockroaches
  A goblin (D:1)
  A hobgoblin (D:1)
  3 quokkas (D:1)
  3 bats
  5 kobolds
  2 rats
25 creatures vanquished.

Notes
Turn   | Place    | Note
-------+----------+-------------------------------------------
     0 | D:1      | KittyFluff the Gargoyle Berserker began the quest for the
                  | Orb.
     0 | D:1      | Reached XP level 1. HP: 14/14 MP: 1/1
   140 | D:1      | Reached XP level 2. HP: 9/19 MP: 2/2
  1034 | D:2      | Reached XP level 3. HP: 21/23 MP: 3/3
  1121 | D:2      | Reached skill level 1 in Stealth
  1190 | D:2      | Slain by a gnoll

Illustrated notes

Levels and vault maps discovered:
D:1:      minmay_arrival_pointy, layout_loops_corners, corexii_corridor_pit
D:2:      layout_rooms

Skill      XL: |  1  2  3 |
---------------+----------+-----
Armour         | 3 |  3.0
Stealth        | 1 |  1.0
Fighting       | |  3.5
Maces & Flails | |  3.4
Dodging        | |  1.9

Action                     || total
---------------------------++-------
  Melee: Mace              ||    85
         Punch             ||     1
    Use: Potion            ||     1
 Armour: Animal skin       ||    31
  Dodge: Dodged            ||    69
